 Dungeon Crawl Stone Soup version 0.28-a0-1227-ga9037bb4c8 (webtiles) character file.

Game seed: 2460769836297486795

361 Anathary the Slasher (level 6, 0/56 HPs)
             Began as a Minotaur Fighter on Dec 22, 2021.
             Killed from afar by an orc wizard (5 damage)
             ... with a magic dart
             ... on level 4 of the Dungeon.
             The game lasted 00:13:11 (3705 turns).

Anathary the Slasher (Minotaur Fighter)             Turns: 3705, Time: 00:13:11

Health: 0/56       AC: 13    Str: 23    XL:     6   Next: 38%
Magic:  5/5        EV:  6    Int:  5    God:
Gold:   209        SH:  4    Dex:  9    Spells: 5/5 levels left

rFire   . . .      SeeInvis .   a - +0 long sword
rCold   . . .      Faith    .   c - +0 buckler
rNeg    . . .      Spirit   .   n - +1 plate armour
rPois   .          Reflect  .   (helmet restricted)
rElec   .          Harm     .   (no cloak)
rCorr   .          Rampage  .   (no gloves)
Will    .....                   (no boots)
Stlth   ..........              (no amulet)
HPRegen 0.18/turn               (no ring)
MPRegen 0.09/turn               (no ring)

@: brilliant, hasted, very quick
A: horns 2, retaliatory headbutt
a: no special abilities


You were on level 4 of the Dungeon.
You visited 1 branch of the dungeon, and saw 4 of its levels.

You collected 209 gold pieces.

Inventory:

Hand Weapons
 a - a +0 long sword (weapon)
Armour
 c - a +0 buckler (worn)
 n - a +1 plate armour (worn)
Scrolls
 h - 3 scrolls of identify
 l - a scroll of teleportation
 o - a scroll of brand weapon {unknown}
 r - a scroll of fog {unknown}
Potions
 d - a potion of might
 e - a potion of flight
 f - a potion of haste
 j - 2 potions of brilliance
 m - a potion of attraction {unknown}
 p - 2 potions of lignification {unknown}
 q - a potion of mutation {unknown}
 s - a potion of curing {unknown}


   Skills:
 + Level 5.1 Fighting
 - Level 2.4(4.1) Short Blades
 * Level 5.5(5.8) Long Blades
 + Level 5.2 Armour
 - Level 3.6 Shields


You had 5 spell levels left.
You didn't know any spells.
Your spell library was empty.

Dungeon Overview and Level Annotations

Branches:
Dungeon (4/15)
 Temple: D:4-7

Altars:
Kikubaaqudgha

Shops:
D:4 *

Annotations:
D:3 1 runed translucent door, ChaosChampion's ghost, weakling DrWr
D:4 Menkaure


Innate Abilities, Weirdness & Mutations

You have a pair of horns on your head.
You reflexively headbutt those who attack you in melee.


Message History

You slash the orc priest!
You kill the orc priest!
You hear some strange, mumbled words.
Something tries to affect you, but you resist.
Something hits you but does no damage.
Items here: )) ? [ †.
Menkaure calls on the powers of darkness!
The orc convulses!
Something is bathed in an unholy light! x2
Your body is wracked with pain!
* * * LOW HITPOINT WARNING * * *
A magic dart appears from out of thin air!
The magic dart hits you.
* * * LOW HITPOINT WARNING * * *
Unknown command.
Something hits you but does no damage.
Menkaure shouts, "The sands of time shall wipe you from history!"
Menkaure casts a spell.
Menkaure seems to speed up.
Items here: )) ? [ †.
You closely miss something. You headbutt something.
You block something's attack.
You completely miss something. You headbutt something.
Reactivating autopickup.
You feel a bit more experienced.
A magic dart appears from out of thin air!
Deactivating autopickup; reactivate with Ctrl-A.
The magic dart hits you but does no damage.
Menkaure calls on the powers of darkness!
Something is bathed in an unholy light!
Your body is wracked with pain!
* * * LOW HITPOINT WARNING * * *
It was a potion of haste.
You feel yourself speed up.
Menkaure calls on the powers of darkness!
Something is bathed in an unholy light!
Your body is wracked with pain!
* * * LOW HITPOINT WARNING * * *
It was a potion of brilliance.
You feel clever all of a sudden.
You hear some strange, mumbled words.
A magic dart appears from out of thin air!
The magic dart hits you.
You die...

*,,,,,...**
*,,,,*#...,
*,,,,**#..# ******
*#.. *## ####.
#########*#....
#######....>..#*..##.
#...@{Mo.......,,**##
#.#####.......#*** #
#,,,,,........#*****#
*****#.........,,,,..
#####.....,,,...
*.....,,,...
*,..!.,,,...
**,....,,,...
**,,*****,*##*


You could see Menkaure (fast) and an orc.

Vanquished Creatures
  A phantom (D:4)
  An orc priest (D:4)
  2 jellies (D:4)
  A bullfrog skeleton (D:4)
  Terence (D:2)
  2 orc wizards
  5 adders
  An adder skeleton (D:4)
  A worm (D:1)
  14 orcs
  3 ball pythons (D:3)
  2 endoplasms
  4 giant cockroaches
  3 hobgoblins
  3 quokkas
  7 bats
  A frilled lizard (D:1)
  5 goblins
  13 kobolds
  3 rats
73 creatures vanquished.

Vanquished Creatures (others)
  12 demonic plants (D:3)
  7 fungi (D:3)
  3 plants (D:3)
  3 withered plants (D:3)
25 creatures vanquished.

Grand Total: 98 creatures vanquished

Notes
Turn   | Place    | Note
-------+----------+-------------------------------------------
     0 | D:1      | Anathary the Minotaur Fighter began the quest for the Orb.
     0 | D:1      | Reached XP level 1. HP: 19/19 MP: 0/0
   277 | D:1      | Reached skill level 1 in Short Blades
   296 | D:1      | Reached XP level 2. HP: 27/27 MP: 1/1
   457 | D:2      | Noticed Terence
   911 | D:1      | Found an ancient bone altar of Kikubaaqudgha.
  1136 | D:2      | Killed Terence
  1137 | D:2      | Reached XP level 3. HP: 14/34 MP: 2/2
  2342 | D:2      | Reached XP level 4. HP: 41/41 MP: 3/3
  2756 | D:3      | Noticed an ice beast
  2886 | D:3      | Found a faded altar of an unknown god.
  3000 | D:4      | Reached XP level 5. HP: 21/47 MP: 4/4
  3314 | D:3      | Found a runed translucent door.
  3323 | D:3      | Noticed ChaosChampion's ghost (weakling DrWr)
  3439 | D:4      | Found Vaynen's General Store.
  3467 | D:4      | Noticed a phantom
  3498 | D:4      | Reached skill level 5 in Fighting
  3512 | D:4      | Killed a phantom
  3513 | D:4      | Reached skill level 5 in Long Blades
  3513 | D:4      | Reached skill level 5 in Armour
  3513 | D:4      | Reached XP level 6. HP: 30/56 MP: 5/5
  3686 | D:4      | Noticed Menkaure
  3705 | D:4      | Killed from afar by an orc wizard

Illustrated notes

Levels and vault maps discovered:
D:1:      psy_arrival_dodecagon, layout_loops_ring, kennysheep_flooded_box,
          minmay_misc_feat_rugged, kennysheep_pointless_box,
          minmay_misc_feat_columns, minmay_domino_2
D:2:      layout_basic, uniq_terence
D:3:      layout_basic, shapermc_ecumenical_altar_gd, ebering_ghost_sewer_d
D:4:      layout_rooms, serial_shops, shop_statue, uniq_menkaure

Skill      XL: |  1  2  3  4  5 |
---------------+----------------+-----
Fighting       | 4 5 |  5.1
Short Blades   | 1 2 |  2.4
Long Blades    | 3 4 5 |  5.5
Armour         | 4 5 |  5.2
Shields        | |  3.6

Action                   |  1- 3 |  4- 6 || total
-------------------------+-------+-------++-------
Melee: Long sword        |    58 |   142 ||   200
       Headbutt          |    15 |    34 ||    49
  Use: Scroll            |       |     6 ||     6
       Potion            |       |     2 ||     2
Armor: Scale mail        |    11 |       ||    11
       Plate armour      |    13 |    77 ||    90
Dodge: Dodged            |    21 |    41 ||    62
Block: Buckler           |    14 |    24 ||    38

Table legend: (Time is in decaauts)
 A = Elapsed time spent in this place.
 B = Non-inter-level travel time spent in this place.
 C = Inter-level travel time spent in this place.
 D = Time resting spent in this place.
 E = Time spent auto-exploring this place.
 F = Levels seen in this place.
 G = Mean time per level.
                   A        B        C        D        E       F      G
               +--------+--------+--------+--------+--------+-----+--------+
         Total |   3755 |   3630 |    125 |   1221 |   1196 |   4 |  938.8 |
       Dungeon |   3755 |   3630 |    125 |   1221 |   1196 |   4 |  938.8 |
               +--------+--------+--------+--------+--------+-----+--------+

Top non-repeatable levels by time:
     D:1: 1234 daAuts
     D:2: 1171 daAuts
     D:3: 829 daAuts
     D:4: 519 daAuts
